 Dungeon Crawl Stone Soup version 0.21.1-1-g345015fe64 (webtiles) character file.

604 olverbman the Insei (level 7, -2/52 HPs)
             Began as a Green Draconian Transmuter on June 14, 2018.
             Splashed by Pikel's acid (10 damage)
             ... on level 4 of the Dungeon.
             The game lasted 00:35:15 (4176 turns).

olverbman the Insei (Green Draconian Transmuter)    Turns: 4176, Time: 00:35:16

Health: -2/52      AC: -6    Str: 12    XL:     7   Next: 18%
Magic:  10/13      EV: 20    Int: 15    God:
Gold:   124        SH:  0    Dex: 17    Spells: 8/14 levels left

rFire    . . .     SeeInvis .     - Unarmed
rCold    . . .     Gourm    .   (shield currently unavailable)
rNeg     . . .     Faith    .   (armour unavailable)
rPois    x         Spirit   .   (helmet currently unavailable)
rElec    .         Reflect  .   (cloak currently unavailable)
rCorr    .         Harm     .   (gloves currently unavailable)
MR       .....                  (boots currently unavailable)
Stlth    ++........             (no amulet)
HPRegen  0.17/turn              (no ring)
MPRegen  0.13/turn              (no ring)

@: spider-form, corroded
A: tiny, (breathe noxious fumes), unfitting armour, AC +6
a: End Transformation


You were on level 4 of the Dungeon.
You were not hungry.
You were a venomous arachnid creature.
You visited 1 branch of the dungeon, and saw 4 of its levels.

You collected 124 gold pieces.

Inventory:

Hand Weapons
 g - a +1 hunting sling
 i - a cursed -3 dagger
 j - a +0 short sword
 k - a +0 dagger
Missiles
 a - 61 arrows
Armour
 d - a +0 shield
 h - a +2 robe
 p - a +1 pair of boots (melded)
Jewellery
 s - a +4 ring of protection {unknown}
Wands
 l - a wand of acid (6)
 q - a wand of iceblast (2)
Scrolls
 f - 2 scrolls of magic mapping
 m - a scroll of enchant armour
 u - a scroll of teleportation
 v - a scroll of random uselessness {unknown}
Potions
 e - 2 potions of heal wounds {unknown}
 r - 2 potions of haste {unknown}
 t - 2 potions of brilliance {unknown}
Books
 b - a book of Changes

   Spells                             Type                      Level
   a - Beastly Appendage              Transmutation                1
   b - Sticks to Snakes               Transmutation                2
   c - Spider Form                    Transmutation/Poison         3
   d - Ice Form                       Ice/Transmutation            4
   e - Blade Hands                    Transmutation                5
Comestibles
 c - 3 rations


   Skills:
 - Level 1.1 Fighting
 + Level 2.8 Dodging
 + Level 5.8 Unarmed Combat
 * Level 4.1 Spellcasting
 * Level 3.7 Transmutations
 * Level 1.1 Poison Magic


You had 8 spell levels left.
You knew the following spells:

 Your Spells              Type           Power        Failure   Level  Hunger
a - Beastly Appendage     Tmut           ##....       12%         1    None
b - Sticks to Snakes      Tmut           ##......     17%         2    ##.....
c - Spider Form           Tmut/Pois      ##........   41%         3    ###....


Dungeon Overview and Level Annotations

Branches:
Dungeon (4/15)
 Temple: D:4-7

Altars:
Dithmenos
Xom

Annotations:
D:4 Pikel


Innate Abilities, Weirdness & Mutations

((You can breathe blasts of noxious fumes.))
((Your lurid green scales are hard. (AC +6)))
You cannot fit into any form of body armour.
((Your system is resistant to poisons. (rPois)))
((You are cold-blooded and may be slowed by cold attacks.))


Message History

The quokka completely misses you. Pikel waves his whip at you.
You bite the quokka!
You kill the quokka!
A slave comes into view.
Pikel barely misses you.
Found 22 stones.
A slave comes into view.
You hit Pikel but do no damage.
Pikel is poisoned.
Pikel zaps a wand.
The bolt of acid hits you! The acid corrodes you!
You are splashed with acid!
The acid burns!
It is a wand of acid (7).
You feel better.
Pikel says, "You'll feel the lick of my whip!"
Pikel hits you with a whip of flaming! Pikel burns you.
You hit Pikel but do no damage.
Pikel looks as sick as possible!
Pikel is lightly wounded.
Pikel zaps a wand.
The bolt of acid hits you!
* * * LOW HITPOINT WARNING * * *
The acid corrodes you!
You are splashed with acid!
The acid burns!
You die...

######.#.#
########....###
..............+
########....###
#.##.....# ##
#.#.....#
#(###......#
#.#.#.....#
#s##.....#
#K######## #p#
#p# #p# .p. #..
###


You could see Pikel and 4 slaves.

Vanquished Creatures
  Sigmund (D:3)
  Menkaure (D:4)
  A water moccasin skeleton (D:4)
  2 hounds (D:3)
  3 orc wizards (D:3)
  A gnoll (D:3)
  4 adders
  2 oozes (D:2)
  An adder skeleton (D:3)
  5 worms
  2 dart slugs
  A leopard gecko (D:1)
  2 orcs (D:3)
  3 giant cockroaches (D:3)
  3 goblins
  6 hobgoblins
  3 jackals (D:2)
  4 kobolds
  3 quokkas
  7 bats
  4 frilled lizards
  4 rats
63 creatures vanquished.

Vanquished Creatures (collateral kills)
  An adder (D:2)
  A worm (D:2)
  A hobgoblin (D:2)
  A bat (D:2)
  A rat (D:2)
5 creatures vanquished.

Grand Total: 68 creatures vanquished

Notes
Turn   | Place    | Note
-------+----------+-------------------------------------------
     0 | D:1      | olverbman the Draconian Transmuter began the quest for the Orb.
     0 | D:1      | Reached XP level 1. HP: 16/16 MP: 3/3
   426 | D:1      | Reached XP level 2. HP: 20/23 MP: 5/5
   449 | D:1      | Learned a level 2 spell: Sticks to Snakes
  1024 | D:2      | Found a shimmering altar of Xom.
  1231 | D:2      | Reached XP level 3. HP: 21/28 MP: 4/6
  1508 | D:2      | Learned a level 3 spell: Spider Form
  1898 | D:2      | Reached XP level 4. HP: 21/35 MP: 4/8
  2325 | D:3      | Reached skill level 4 in Unarmed Combat
  2325 | D:3      | Reached XP level 5. HP: 11/40 MP: 10/10
  2856 | D:3      | Noticed Sigmund
  2878 | D:3      | Killed Sigmund
  2878 | D:3      | Reached skill level 5 in Unarmed Combat
  2878 | D:3      | Reached XP level 6. HP: 23/47 MP: 8/12
  3452 | D:3      | Found a shadowy altar of Dithmenos.
  3865 | D:4      | Noticed Menkaure
  3878 | D:4      | Killed Menkaure
  3878 | D:4      | Your scales start taking on a lurid green colour.
  3878 | D:4      | Reached skill level 1 in Poison Magic
  3878 | D:4      | Reached XP level 7. HP: 20/52 MP: 10/13
  3878 | D:4      | Gained mutation: Your system is resistant to poisons. (rPois) [Green Draconian growth]
  4169 | D:4      | Noticed Pikel
  4176 | D:4      | Splashed by Pikel's acid

Skill      XL: |  1  2  3  4  5  6 |
---------------+-------------------+-----
Dodging        | 2 |  2.8
Spellcasting   | 3 4 |  4.1
Transmutations | 3 |  3.7
Unarmed Combat | 4 5 |  5.8
Poison Magic   | 1 |  1.1
Fighting       | |  1.1

Action                   |  1- 3 |  4- 6 |  7- 9 || total
-------------------------+-------+-------+-------++-------
Melee: Spear             |     9 |       |       ||     9
       Unarmed           |   106 |   172 |     9 ||   287
       Tailslap          |    14 |    19 |       ||    33
       Headbutt          |       |     6 |       ||     6
       Punch             |       |     1 |       ||     1
 Cast: Beastly Appendage |     6 |     4 |       ||    10
       Sticks to Snakes  |     6 |     1 |       ||     7
       Spider Form       |       |     3 |     1 ||     4
Evoke: Wand              |       |     1 |       ||     1
  Use: Scroll            |     6 |     2 |       ||     8
       Potion            |     1 |     5 |     1 ||     7
 Stab: Sleeping          |     1 |       |       ||     1
  Eat: Chunk             |     4 |     1 |       ||     5
       Ration            |       |     2 |       ||     2
Armor: Skin              |    50 |    27 |     2 ||    79
Dodge: Dodged            |   102 |    95 |     4 ||   201
